[Event "Reykjavik Open 2025"]
[Site "Reykjavik, Iceland"]
[Date "2025.04.14"]
[Round "8.1"]
[White "Maghsoodloo, Parham"]
[Black "Royal, Shreyas"]
[Result "1-0"]
[WhiteElo "2684"]
[WhiteTitle "GM"]
[WhiteFideId "12539929"]
[BlackElo "2465"]
[BlackTitle "GM"]
[BlackFideId "448869"]
[TimeControl "90+30 +30 after 40 moves"]
[Variant "Standard"]
[ECO "A33"]
[Opening "English Opening: Symmetrical Variation, Anti-Benoni Variation, Geller Variation"]
[StudyName "Round 8"]
1. c4 c5 2. Nc3 Nf6 3. Nf3 Nc6 4. d4 cxd4 5. Nxd4 e6 6. g3 Qb6 7. Nb3 Ne5 8. e4 Bb4 9. Qe2 Bxc3+ 10. bxc3 d6 11. f4 Nc6 12. Ba3 e5 13. Bxd6 Bg4 14. Qd3 a5 15. c5 Qa7 16. f5 a4 17. Nd2 Nd7 18. h3 Nxc5 19. Qe3 1-0

[Event "Reykjavik Open 2025"]
[Site "Reykjavik, Iceland"]
[Date "2025.04.14"]
[Round "8.2"]
[White "Muradli, Mahammad"]
[Black "Ivanchuk, Vasyl"]
[Result "1/2-1/2"]
[WhiteElo "2588"]
[WhiteTitle "GM"]
[WhiteFideId "13409301"]
[BlackElo "2604"]
[BlackTitle "GM"]
[BlackFideId "14100010"]
[TimeControl "90+30 +30 after 40 moves"]
[Variant "Standard"]
[ECO "D38"]
[Opening "Queen's Gambit Declined: Ragozin Defense, Alekhine Variation"]
[StudyName "Round 8"]
1. d4 Nf6 2. c4 e6 3. Nf3 d5 4. Nc3 Bb4 5. Qa4+ Nc6 6. a3 Bxc3+ 7. bxc3 Bd7 8. cxd5 exd5 9. Bg5 h6 10. Bxf6 Qxf6 11. e3 O-O 12. Bd3 Bg4 13. Nd2 Bf5 14. Be2 a6 15. Qb3 Qd6 16. O-O b5 17. a4 Na5 18. Qb4 Nc4 19. Qxd6 cxd6 20. Ra2 Nxd2 21. Rxd2 bxa4 22. Ra2 Rfb8 23. Rxa4 Rb2 24. Bf3 Rc8 25. Ra3 Bd3 26. Rc1 Bc4 27. g4 Rc6 28. Ra5 Rb5 29. Rxb5 axb5 30. Ra1 Kf8 31. Ra7 Bb3 32. Ra5 Bc4 33. h4 g5 34. h5 Ke7 35. Kg2 Rc8 36. Kg3 Ke6 37. Bg2 Bd3 38. Ra3 Rc4 39. f4 Ra4 40. f5+ Kf6 41. Rb3 Bc4 42. Rb1 Ra3 43. Bf1 Rxc3 44. Kf3 b4 45. Bxc4 Rxc4 46. Ra1 Rc7 47. Ke2 Ke7 48. Kd2 Kd7 49. Ra6 b3 50. Rb6 Rc2+ 51. Kd3 Rb2 52. Kc3 Rg2 53. Rxb3 Rxg4 54. Rb7+ Ke8 55. f6 Re4 56. Kd3 Re6 57. Rb8+ Kd7 58. Rb7+ Ke8 1/2-1/2

[Event "Reykjavik Open 2025"]
[Site "Reykjavik, Iceland"]
[Date "2025.04.14"]
[Round "8.3"]
[White "Lu, Shanglei"]
[Black "Safarli, Eltaj"]
[Result "1-0"]
[WhiteElo "2618"]
[WhiteTitle "GM"]
[WhiteFideId "8603332"]
[BlackElo "2617"]
[BlackTitle "GM"]
[BlackFideId "13402129"]
[TimeControl "90+30 +30 after 40 moves"]
[Variant "Standard"]
[ECO "C54"]
[Opening "Italian Game: Classical Variation, Giuoco Pianissimo, with h6"]
[StudyName "Round 8"]
1. e4 e5 2. Nf3 Nc6 3. Bc4 Bc5 4. c3 Nf6 5. d3 h6 6. O-O d6 7. b4 Bb6 8. a4 a6 9. Re1 O-O 10. Nbd2 Ne7 11. Qc2 Ng6 12. d4 Re8 13. Bb2 c6 14. Bd3 Bc7 15. h3 Nh7 16. Bf1 Ng5 17. c4 a5 18. b5 c5 19. dxc5 dxc5 20. Nxg5 Qxg5 21. Ra3 Nf4 22. Rg3 Qh5 23. Nb1 Ne6 24. Nc3 Nd4 25. Qc1 Be6 26. Nd5 Bd8 27. Bxd4 cxd4 28. c5 Bxd5 29. Be2 Qh4 30. exd5 Bg5 31. Qc4 Bf4 32. Rg4 Qf6 33. d6 Rad8 34. Bf3 d3 35. Qxd3 e4 36. Bxe4 h5 37. Rxf4 Qxf4 38. Qd5 h4 39. Qxb7 Qg5 40. d7 Re7 41. c6 Qd2 42. Rf1 1-0

[Event "Reykjavik Open 2025"]
[Site "Reykjavik, Iceland"]
[Date "2025.04.14"]
[Round "8.4"]
[White "Banusz, Tamas"]
[Black "Sivuk, Vitaly"]
[Result "1/2-1/2"]
[WhiteElo "2592"]
[WhiteTitle "GM"]
[WhiteFideId "722413"]
[BlackElo "2505"]
[BlackTitle "GM"]
[BlackFideId "14116502"]
[TimeControl "90+30 +30 after 40 moves"]
[Variant "Standard"]
[ECO "A05"]
[Opening "King's Indian Attack"]
[StudyName "Round 8"]
1. Nf3 Nf6 2. g3 d5 3. Bg2 c5 4. O-O g6 5. c4 Bg7 6. Qa4+ Qd7 7. Qxd7+ Nbxd7 8. cxd5 Nxd5 9. Nc3 e6 10. d4 b6 11. Nxd5 exd5 12. Rd1 Bb7 13. Be3 c4 14. Nd2 b5 15. a4 a6 16. axb5 axb5 17. Rxa8+ Bxa8 18. Ra1 O-O 19. Ra5 Bc6 20. Nb1 Nb6 21. Nc3 b4 22. Nxd5 Bxd5 23. Bxd5 Rd8 24. Be4 Bxd4 25. Rb5 Bxe3 26. fxe3 Rd1+ 27. Kf2 Nd7 28. Rxb4 Nf6 29. Bf3 Rc1 30. Rb6 Kg7 31. Rb7 c3 32. bxc3 Rxc3 33. h3 Rc4 34. g4 h6 35. Ra7 Ne4+ 36. Bxe4 Rxe4 37. Kf3 Rb4 38. Ra5 g5 39. h4 gxh4 40. Rh5 Kg6 41. Rxh4 Rb1 42. Rh5 Rf1+ 43. Kg2 Re1 44. Kf2 Ra1 45. Rb5 Rh1 46. e4 Rh3 47. e5 h5 48. gxh5+ Rxh5 49. Kf3 Rh4 50. e4 Kg7 1/2-1/2

[Event "Reykjavik Open 2025"]
[Site "Reykjavik, Iceland"]
[Date "2025.04.14"]
[Round "8.5"]
[White "Gupta, Abhijeet"]
[Black "Prraneeth Vuppala"]
[Result "1-0"]
[WhiteElo "2576"]
[WhiteTitle "GM"]
[WhiteFideId "5010608"]
[BlackElo "2433"]
[BlackTitle "GM"]
[BlackFideId "46622373"]
[TimeControl "90+30 +30 after 40 moves"]
[Variant "Standard"]
[ECO "D37"]
[Opening "Queen's Gambit Declined: Three Knights Variation"]
[StudyName "Round 8"]
1. d4 d5 2. c4 e6 3. Nc3 Nf6 4. Nf3 h6 5. Bf4 Bb4 6. e3 O-O 7. Qc2 c5 8. a3 Bxc3+ 9. bxc3 Nc6 10. Be2 Re8 11. O-O Qa5 12. Rfc1 Nd7 13. Bg3 Nb6 14. Nd2 dxc4 15. Bc7 Qa4 16. Bxb6 Qxc2 17. Rxc2 axb6 18. Nxc4 cxd4 19. cxd4 b5 20. Nb6 Ra6 21. Nxc8 Rxc8 22. Bxb5 Ra5 23. a4 Na7 24. Rxc8+ Nxc8 25. Rb1 Nd6 26. g4 Nxb5 27. axb5 b6 28. h4 Ra4 29. Kh2 e5 30. Rd1 Rb4 31. dxe5 Rxg4 32. Rd4 Rg6 33. f4 Re6 34. Rd8+ Kh7 35. Rd6 Re7 36. Rxb6 f6 37. e6 f5 38. h5 g5 39. Rd6 1-0

[Event "Reykjavik Open 2025"]
[Site "Reykjavik, Iceland"]
[Date "2025.04.14"]
[Round "8.6"]
[White "Draskovic, Luka"]
[Black "Amar, Elham"]
[Result "0-1"]
[WhiteElo "2488"]
[WhiteTitle "GM"]
[WhiteFideId "944335"]
[BlackElo "2546"]
[BlackTitle "GM"]
[BlackFideId "1533533"]
[TimeControl "90+30 +30 after 40 moves"]
[Variant "Standard"]
[ECO "A13"]
[Opening "English Opening: Agincourt Defense"]
[StudyName "Round 8"]
1. c4 e6 2. g3 d5 3. Bg2 dxc4 4. Qa4+ Nd7 5. Qxc4 a6 6. Qc2 Ngf6 7. Nc3 Ra7 8. a4 b6 9. Nf3 Bb7 10. O-O c5 11. d3 Be7 12. e4 O-O 13. h3 Nb8 14. Rd1 Nc6 15. Be3 e5 16. Qb3 Nd4 17. Qa2 Nc2 18. Rac1 Nxe3 19. fxe3 Bd6 20. Rf1 Ra8 21. Nh4 g6 22. Kh2 Bc8 23. Nf3 Be6 24. Qb1 Rb8 25. Nd2 h5 26. Kh1 Bc7 27. Rf2 b5 28. axb5 axb5 29. Rcf1 b4 30. Na4 Nd7 31. b3 Qg5 32. Rf3 Bd6 33. h4 Qh6 34. Qe1 Be7 35. Kh2 g5 36. Nc4 Bg4 37. Rf5 Bxf5 38. hxg5 Bxg5 39. Rxf5 f6 40. Bh3 Rfd8 41. Rf3 Nf8 42. Qe2 h4 43. Nxc5 hxg3+ 44. Rxg3 Rb5 45. Na4 Rb7 46. Nab6 Rg7 47. Nd5 Rdd7 48. Nd2 Bh4 49. Rg4 f5 50. Rxg7+ Rxg7 51. Nf1 f4 52. exf4 exf4 53. Qf3 Qg5 54. Bg2 Ne6 0-1

[Event "Reykjavik Open 2025"]
[Site "Reykjavik, Iceland"]
[Date "2025.04.14"]
[Round "8.7"]
[White "Kadric, Denis"]
[Black "Garifullina, Leya"]
[Result "1/2-1/2"]
[WhiteElo "2533"]
[WhiteTitle "GM"]
[WhiteFideId "14403803"]
[BlackElo "2459"]
[BlackTitle "IM"]
[BlackFideId "34127035"]
[TimeControl "90+30 +30 after 40 moves"]
[Variant "Standard"]
[ECO "B23"]
[Opening "Sicilian Defense: Closed"]
[StudyName "Round 8"]
1. e4 c5 2. Nc3 d6 3. Bb5+ Bd7 4. a4 Nc6 5. d3 a6 6. Bxc6 Bxc6 7. a5 e6 8. Nf3 Nf6 9. O-O Be7 10. Re1 O-O 11. h3 Rc8 12. b3 e5 13. Bd2 Nd7 14. Nd5 f5 15. c4 Qe8 16. b4 Bd8 17. bxc5 fxe4 18. dxe4 Bxd5 19. exd5 Nxc5 20. Be3 Qg6 21. Qb1 Nd3 22. Rd1 e4 23. Nd2 Qf5 24. Nxe4 Qxe4 25. Rxd3 Rxc4 26. Rb3 Qxd5 27. Rxb7 Bf6 28. Ra3 Rfc8 29. Rb8 Be5 30. g3 Qe6 31. Kg2 d5 32. Rxc8+ Rxc8 33. Qb6 Rc6 34. Qd8+ Kf7 35. Bd2 Bf6 36. Qa8 Rc2 37. Re3 Qc6 38. Qxc6 Rxc6 39. Rb3 Ke6 40. Kf3 Bd8 1/2-1/2

[Event "Reykjavik Open 2025"]
[Site "Reykjavik, Iceland"]
[Date "2025.04.14"]
[Round "8.8"]
[White "Cornette, Matthieu"]
[Black "Bekker, Stefan"]
[Result "1-0"]
[WhiteElo "2528"]
[WhiteTitle "GM"]
[WhiteFideId "620084"]
[BlackElo "2358"]
[BlackTitle "FM"]
[BlackFideId "1022229"]
[TimeControl "90+30 +30 after 40 moves"]
[Variant "Standard"]
[ECO "B94"]
[Opening "Sicilian Defense: Najdorf Variation"]
[StudyName "Round 8"]
1. e4 c5 2. Nf3 d6 3. d4 cxd4 4. Nxd4 Nf6 5. Nc3 a6 6. Bg5 Nbd7 7. a3 Qc7 8. Qd2 e6 9. f3 Be7 10. g4 h5 11. gxh5 Rxh5 12. h4 b5 13. O-O-O Rb8 14. Kb1 Ne5 15. f4 Nc4 16. Bxc4 bxc4 17. Ka1 Qa5 18. Nc6 Nxe4 19. Nxe4 Qxd2 20. Rxd2 Bb7 21. Bxe7 Bxc6 22. Bxd6 c3 23. bxc3 Rd8 24. Re1 Rxh4 25. Nc5 Rh5 26. Nxa6 1-0

[Event "Reykjavik Open 2025"]
[Site "Reykjavik, Iceland"]
[Date "2025.04.14"]
[Round "8.9"]
[White "Ivic, Velimir"]
[Black "Song, Yuxin"]
[Result "1-0"]
[WhiteElo "2623"]
[WhiteTitle "GM"]
[WhiteFideId "950122"]
[BlackElo "2371"]
[BlackTitle "IM"]
[BlackFideId "8614300"]
[TimeControl "90+30 +30 after 40 moves"]
[Variant "Standard"]
[ECO "A50"]
[Opening "Indian Defense: Normal Variation"]
[StudyName "Round 8"]
1. d4 Nf6 2. c4 e6 3. Bf4 Bb4+ 4. Nd2 c5 5. dxc5 Bxc5 6. e3 Nc6 7. Ngf3 O-O 8. Be2 Re8 9. h3 b6 10. a3 Bb7 11. O-O h6 12. Bg3 Rc8 13. Rc1 Be7 14. Qa4 d6 15. Rfd1 Qd7 16. Qc2 Red8 17. b4 Qe8 18. Qb1 Nb8 19. Nd4 Nc6 20. Nb5 a6 21. Nc3 Ne5 22. f4 Ng6 23. Bd3 Rc7 24. Ne2 Bf8 25. Bf2 Rdc8 26. e4 Nd7 27. Nf3 Be7 28. Qb2 Bf6 29. Qd2 Ngf8 30. Ng3 Nh7 31. Re1 Be7 32. Rcd1 Ra8 33. Qe2 a5 34. Nd4 axb4 35. axb4 Rcc8 36. Nb5 Nhf8 37. Qb2 Ng6 38. Bf1 Qf8 39. Be3 Ra4 40. Nc3 Raa8 41. Kh2 Ba6 42. Qb3 Qd8 43. Nb5 Bxb5 44. cxb5 Ngf8 45. Ne2 Nf6 46. Nc3 Qc7 47. Rc1 Qb7 48. Bd3 N8d7 49. Bd4 e5 50. fxe5 Nxe5 51. Bxe5 dxe5 52. Bc4 Rf8 53. Bd5 Nxd5 54. Nxd5 Bd8 55. Rf1 Rc8 56. Rc4 Bg5 57. Rc3 Rxc3 58. Qxc3 Bf4+ 59. g3 Bg5 60. h4 Rc8 61. Qxe5 Rc2+ 62. Kg1 Qd7 63. hxg5 Qh3 64. Qe8+ Kh7 65. g6+ fxg6 66. Nf6+ gxf6 67. Qf7+ Kh8 68. Qxf6+ Kh7 69. Qe7+ 1-0

[Event "Reykjavik Open 2025"]
[Site "Reykjavik, Iceland"]
[Date "2025.04.14"]
[Round "8.10"]
[White "Ruiz Buendia, Miguel"]
[Black "Jacobson, Brandon"]
[Result "0-1"]
[WhiteElo "2353"]
[WhiteTitle "FM"]
[WhiteFideId "24537675"]
[BlackElo "2570"]
[BlackTitle "GM"]
[BlackFideId "30901561"]
[TimeControl "90+30 +30 after 40 moves"]
[Variant "Standard"]
[ECO "C54"]
[Opening "Italian Game: Classical Variation, Greco Gambit"]
[StudyName "Round 8"]
1. e4 e5 2. Nf3 Nc6 3. Bc4 Bc5 4. c3 Nf6 5. d4 exd4 6. e5 d5 7. Bb5 Ne4 8. cxd4 Bb6 9. Nc3 O-O 10. Be3 Bd7 11. Bxc6 Bxc6 12. O-O f5 13. exf6 Nxf6 14. a4 a5 15. Ne5 Qd6 16. Nxc6 bxc6 17. Rc1 Rab8 18. h3 Ba7 19. Rc2 Qb4 20. Qd3 Ne8 21. b3 Nd6 22. Rb1 Nf5 23. Ne2 Nxe3 24. fxe3 Rf6 25. Rc3 Re8 26. Rbc1 Rfe6 27. Qc2 Qe7 28. Ng3 Qg5 29. Nf1 Bxd4 30. Rxc6 Rxe3 31. Nxe3 Bxe3+ 32. Kh2 Bf4+ 33. Kg1 Bxc1 34. Qxc1 Qg3 35. Kf1 Rf8+ 36. Kg1 Rf2 0-1

[Event "Reykjavik Open 2025"]
[Site "Reykjavik, Iceland"]
[Date "2025.04.14"]
[Round "8.12"]
[White "Friedel, Joshua"]
[Black "Li, Guohao"]
[Result "1-0"]
[WhiteElo "2552"]
[WhiteTitle "GM"]
[WhiteFideId "2017199"]
[BlackElo "2356"]
[BlackFideId "8619999"]
[TimeControl "90+30 +30 after 40 moves"]
[Variant "Standard"]
[ECO "E94"]
[Opening "King's Indian Defense: Orthodox Variation, Positional Defense"]
[StudyName "Round 8"]
1. c4 d6 2. d4 e5 3. Nc3 Nd7 4. Nf3 Ngf6 5. e4 g6 6. Be2 Bg7 7. O-O O-O 8. Qc2 exd4 9. Nxd4 Re8 10. Rd1 c6 11. Bf4 Nc5 12. Bf3 Bg4 13. Bxg4 Nxg4 14. Bg3 Nf6 15. f3 Nh5 16. Bf2 Qe7 17. Rab1 a6 18. b4 Ne6 19. Nxe6 Qxe6 20. Ne2 Rad8 21. g4 Nf6 22. Bg3 h5 23. h3 hxg4 24. hxg4 Nxg4 25. Nf4 Qc8 26. fxg4 Qxg4 27. Qg2 g5 28. Nh3 Qxe4 29. Nxg5 Qg4 30. Bf2 Qxc4 31. Re1 Qxa2 32. Qg4 f6 33. Ne6 Rd7 34. Nd4 Re5 35. Qxd7 Rg5+ 36. Kf1 1-0

[Event "Reykjavik Open 2025"]
[Site "Reykjavik, Iceland"]
[Date "2025.04.14"]
[Round "8.23"]
[White "Gorshtein, Ido"]
[Black "Nayak Rajesh"]
[Result "1-0"]
[WhiteElo "2557"]
[WhiteTitle "GM"]
[WhiteFideId "2815532"]
[BlackElo "2277"]
[BlackTitle "FM"]
[BlackFideId "35017152"]
[TimeControl "90+30 +30 after 40 moves"]
[Variant "Standard"]
[ECO "E04"]
[Opening "Catalan Opening: Open Defense"]
[StudyName "Round 8"]
1. d4 Nf6 2. c4 e6 3. Nf3 d5 4. g3 dxc4 5. Bg2 c6 6. a4 Bb4+ 7. Nc3 c5 8. O-O Nc6 9. dxc5 Qxd1 10. Nxd1 Ne4 11. Ne3 c3 12. Nc4 Bxc5 13. e3 Bb4 14. bxc3 Nxc3 15. a5 Rb8 16. Ba3 Bxa3 17. Rxa3 Nb5 18. Rb3 a6 19. Ng5 Bd7 20. Rd1 f6 21. Rbd3 fxg5 22. Rxd7 O-O 23. Bh3 Rf6 24. R1d3 Rc8 25. Rxb7 Nb4 26. Rdd7 h5 27. Rxg7+ Kf8 28. Rh7 Kg8 29. Bf1 Rc5 30. Rhg7+ Kf8 31. Rgd7 Kg8 32. Nd2 Rd5 33. Ne4 Rff5 34. Rb8+ Rf8 35. Nf6+ Kh8 36. Rh7# 1-0

[Event "Reykjavik Open 2025"]
[Site "Reykjavik, Iceland"]
[Date "2025.04.14"]
[Round "8.24"]
[White "Adhiban, B."]
[Black "Priansh Das"]
[Result "0-1"]
[WhiteElo "2554"]
[WhiteTitle "GM"]
[WhiteFideId "5018471"]
[BlackElo "2262"]
[BlackTitle "FM"]
[BlackFideId "45029946"]
[TimeControl "90+30 +30 after 40 moves"]
[Variant "Standard"]
[ECO "C42"]
[Opening "Petrov's Defense: Nimzowitsch Attack"]
[StudyName "Round 8"]
1. e4 e5 2. Nf3 Nf6 3. Nxe5 d6 4. Nf3 Nxe4 5. Nc3 Nxc3 6. dxc3 Be7 7. Bf4 Nd7 8. Qd2 O-O 9. O-O-O Re8 10. h4 Nf6 11. Bd3 d5 12. Ng5 h6 13. f3 Nh5 14. Be3 Ng3 15. Rh2 Bd6 16. Bf4 Ne2+ 17. Bxe2 Rxe2 18. Qd4 c5 19. Qa4 b5 20. Qxb5 Bxf4+ 21. Kb1 Bxh2 22. Qxe2 hxg5 23. hxg5 Bf4 24. c4 Ba6 25. g6 Bxc4 26. gxf7+ Kxf7 0-1

[Event "Reykjavik Open 2025"]
[Site "Reykjavik, Iceland"]
[Date "2025.04.14"]
[Round "8.25"]
[White "Stefansson, Vignir Vatnar"]
[Black "Kracht, Raphael"]
[Result "1-0"]
[WhiteElo "2536"]
[WhiteTitle "GM"]
[WhiteFideId "2308649"]
[BlackElo "2196"]
[BlackTitle "CM"]
[BlackFideId "16214382"]
[TimeControl "90+30 +30 after 40 moves"]
[Variant "Standard"]
[ECO "C54"]
[Opening "Italian Game: Classical Variation, Greco Gambit, Traditional Line"]
[StudyName "Round 8"]
1. e4 e5 2. Nf3 Nc6 3. Bc4 Bc5 4. c3 Nf6 5. d4 exd4 6. cxd4 Bb4+ 7. Nbd2 Nxe4 8. d5 Ne7 9. O-O Bxd2 10. Nxd2 Nxd2 11. Bxd2 d6 12. Re1 O-O 13. Rc1 Ng6 14. Bf1 Bd7 15. Qb3 c5 16. Qxb7 Qc8 17. Qb3 Rb8 18. Qg3 Rxb2 19. Bc3 Rxa2 20. Qxd6 c4 21. Ra1 Rxa1 22. Rxa1 Qb7 23. Bxc4 Bb5 24. Ba2 Rc8 25. Qb4 Qc7 26. Bb2 Qc5 27. Qd2 Qd6 28. Re1 Bd7 29. Re3 Kh8 30. g3 f6 31. Qe2 h6 32. h4 a5 33. Qh5 Ne5 34. Rxe5 fxe5 35. Bxe5 Be8 36. Qxe8+ Rxe8 37. Bxd6 Re2 38. Bc4 Re1+ 39. Kg2 a4 40. Ba3 Re4 41. Bb5 Kg8 42. d6 Kf7 43. d7 Rd4 44. Bc5 1-0

[Event "Reykjavik Open 2025"]
[Site "Reykjavik, Iceland"]
[Date "2025.04.14"]
[Round "8.32"]
[White "Kavutskiy, Kostya"]
[Black "Sokolovsky, Yahli"]
[Result "1/2-1/2"]
[WhiteElo "2351"]
[WhiteTitle "IM"]
[WhiteFideId "2026384"]
[BlackElo "2546"]
[BlackTitle "GM"]
[BlackFideId "2820242"]
[TimeControl "90+30 +30 after 40 moves"]
[Variant "Standard"]
[ECO "B94"]
[Opening "Sicilian Defense: Najdorf Variation"]
[StudyName "Round 8"]
1. e4 c5 2. Nf3 d6 3. d4 cxd4 4. Nxd4 Nf6 5. Nc3 a6 6. Bg5 Nbd7 7. Bc4 Qb6 8. Bb3 e6 9. f3 Be7 10. Be3 Nc5 11. g4 Qc7 12. Qd2 b5 13. a3 Bd7 14. Ba2 Rb8 15. b4 Nb7 16. g5 Nh5 17. Nce2 a5 18. Ng3 Nxg3 19. hxg3 d5 20. exd5 Qxg3+ 21. Ke2 exd5 22. Bf4 Qg2+ 23. Ke3 Qxd2+ 24. Kxd2 Bd6 25. Rae1+ Kd8 26. Bxd6 Nxd6 27. Bxd5 Rc8 28. c3 Rc7 29. Rh4 Ra7 30. Reh1 Re8 31. Re1 Rh8 32. Reh1 Re8 33. Re1 1/2-1/2

[Event "Reykjavik Open 2025"]
[Site "Reykjavik, Iceland"]
[Date "2025.04.14"]
[Round "8.33"]
[White "Kunin, Vitaly"]
[Black "Petersen, Marcel"]
[Result "1/2-1/2"]
[WhiteElo "2522"]
[WhiteTitle "GM"]
[WhiteFideId "4128737"]
[BlackElo "2185"]
[BlackFideId "12935670"]
[TimeControl "90+30 +30 after 40 moves"]
[Variant "Standard"]
[ECO "A00"]
[Opening "Hungarian Opening"]
[StudyName "Round 8"]
1. g3 e5 2. c4 Nf6 3. Bg2 c6 4. d4 exd4 5. Qxd4 d5 6. cxd5 cxd5 7. Nf3 Nc6 8. Qa4 Bc5 9. O-O Qb6 10. Ne5 O-O 11. Nd3 Be7 12. Bg5 Bf5 13. Nc3 Bxd3 14. exd3 Qxb2 15. Rfc1 Qb4 16. Rab1 Qxa4 17. Nxa4 Na5 18. Bxf6 Bxf6 19. Bxd5 Rac8 20. Rxc8 Rxc8 21. Bxb7 Nxb7 22. Rxb7 g6 23. Rxa7 Rc2 24. Rd7 Rxa2 25. Nb6 Kf8 26. Nc4 h5 27. h3 Rc2 28. Kg2 Ke8 29. Rc7 Kf8 30. Rd7 Ke8 31. Rb7 Kf8 32. Ne3 Rd2 33. Rd7 Ke8 34. Rd5 Ke7 35. Nc4 Rc2 36. Kf3 Ke6 37. Rd6+ Ke7 38. Rd5 Ke6 39. Rd6+ Ke7 40. Ra6 Bd4 41. Ne3 Rd2 42. Ke4 Bxe3 43. Kxe3 Rb2 44. h4 Rc2 45. Rb6 Ra2 46. Rb3 Ke6 47. Rb4 Rc2 48. Re4+ Kd6 49. Rc4 Ra2 50. Rc1 Rb2 51. Rd1 Kd5 52. Rd2 Rb7 53. Ra2 Re7+ 54. Kf4 Kd4 55. Kg5 Re5+ 56. Kh6 Rf5 57. Kg7 Kxd3 58. Ra7 Ke2 59. Rxf7 Kxf2 60. Rxf5+ gxf5 61. Kg6 Kxg3 62. Kxf5 Kxh4 63. Kf4 1/2-1/2